 Dungeon Crawl Stone Soup version 0.27-a0-1090-gb115f176c6 (console) character file.

Game seed: 15859652341173809292

1 nht the Digger (level 1, 0/13 HPs)
             Began as a Demonspawn Earth Elementalist on Apr 27, 2021.
             Slain by a gnoll
             ... wielding a +0 spear
              (4 damage)
             ... on level 1 of the Dungeon.
             The game lasted 00:00:13 (106 turns).

nht the Digger (Demonspawn Earth Elementalist)       Turns: 106, Time: 00:00:13

Health: 0/13       AC:  2    Str:  8    XL:     1   Next: 16%
Magic:  0/3        EV: 12    Int: 16    God:
Gold:   37         SH:  0    Dex: 13    Spells: 3/4 levels left

rFire    . . .     SeeInvis .   (no weapon)
rCold    . . .     Faith    .   (no shield)
rNeg     . . .     Spirit   .   c - +0 robe
rPois    .         Reflect  .   (no helmet)
rElec    .         Harm     .   (no cloak)
rCorr    .         Rampage  .   (no gloves)
Will     .....                  (no boots)
Stlth    ++........             (no amulet)
HPRegen  0.04/turn              (no ring)
MPRegen  0.08/turn              (no ring)

@: no status effects
A: no striking features
a: no special abilities


You were on level 1 of the Dungeon.
You visited 1 branch of the dungeon, and saw 1 of its levels.

You collected 37 gold pieces.

Inventory:

Missiles
 b - 25 stones
Armour
 c - a +0 robe (worn)
Scrolls
 a - 2 scrolls of identify {unknown}
 d - a scroll of holy word {unknown}


   Skills:
 - Level 1.7 Dodging
 - Level 1.7 Stealth
 - Level 2.0 Spellcasting
 - Level 0.8 Transmutations
 + Level 2.8 Earth Magic


You had 3 spell levels left.
You knew the following spells:

 Your Spells              Type           Power      Damage    Failure   Level
a - Sandblast             Erth           20%        2d7       7%          1

Your spell library contained the following spells:

 Spells                   Type           Power      Damage    Failure   Level
 Passwall                 Tmut/Erth      5%         N/A       16%         2
 Stone Arrow              Conj/Erth      12%        3d7       34%         3
 Petrify                  Tmut/Erth      7%         N/A       69%         4
 Lee's Rapid Deconstruct  Erth           5%         3d7*      88%         5


Dungeon Overview and Level Annotations

Branches:
Dungeon (1/15)

Altars:


Message History

Welcome, nht the Demonspawn Earth Elementalist.
The bosom of this dungeon contains the fabulous artefact, the Orb of Zot.
Press ? for a list of commands and other information.
Found 11 gold pieces and a scroll labelled SUSSEN PIEVUAG.
Found a staircase leading out of the dungeon.
You now have 11 gold pieces.
a - a scroll labelled SUSSEN PIEVUAG
There is a staircase leading out of the dungeon here.
You open the door.
There is an open door here.
Found a plate armour.
No target in view!
You now have 24 gold pieces (gained 13).
You open the door.
There is an open door here.
There is an open door here.
Found a robe.
d - a scroll labelled RINAAPT VAIFO An endoplasm comes into view.
Found a scroll labelled SUSSEN PIEVUAG.
The blast of sand hits the endoplasm.
The endoplasm is lightly wounded.
The endoplasm quivers.
The blast of sand hits the endoplasm!
You kill the endoplasm!
Magic restored.
You now have 37 gold pieces (gained 13).
a - 2 scrolls labelled SUSSEN PIEVUAG (gained 1)
A gnoll comes into view. It is wielding a +0 spear.
The blast of sand hits the gnoll but does no damage.
The gnoll shouts!
The blast of sand hits the gnoll.
The gnoll is moderately wounded.
The blast of sand hits the gnoll.
The gnoll is heavily wounded.
The gnoll hits you from afar with a +0 spear!
Ouch! That really hurt!
The gnoll hits you from afar with a +0 spear.
You die... ███ ████ █.. █..█ █.█ █ █..█ ███.██.█ █..█ █..g...█ █..' █.█.█ .. █..█ █.█@████... █..█ █.█........ █..█ █.█.......█ ████ ████.█.█████.█ █████

█.........██.█ ████....
█.████.██.██.█ █.......
█.████.......█ █.██.█..
█............███.██....
█..██.█.█.........█.█..


You could see a gnoll.

Vanquished Creatures
  An endoplasm (D:1)
1 creature vanquished.

Notes
Turn   | Place    | Note
-------+----------+-------------------------------------------
     0 | D:1      | nht the Demonspawn Earth Elementalist began the quest for
                  | the Orb.
     0 | D:1      | Reached XP level 1. HP: 13/13 MP: 3/3
   106 | D:1      | Slain by a gnoll

Illustrated notes

Levels and vault maps discovered:
D:1:      dpeg_arrival_rooms_a, layout_loops_cross,
          shapermc_ecumenical_altar_mp_ritualfount, serial_shops, shop,
          wad_floor_pattern_untrapped, minmay_tetromino_o2

Action                   || total
-------------------------++-------
 Cast: Sandblast         ||     5

Table legend: (Time is in decaauts)
 A = Elapsed time spent in this place.
 B = Non-inter-level travel time spent in this place.
 C = Inter-level travel time spent in this place.
 D = Time resting spent in this place.
 E = Time spent auto-exploring this place.
 F = Levels seen in this place.
 G = Mean time per level.
                   A        B        C        D        E       F      G
               +--------+--------+--------+--------+--------+-----+--------+
         Total |    106 |    106 |      0 |      0 |     92 |   1 |  106.0 |
       Dungeon |    106 |    106 |      0 |      0 |     92 |   1 |  106.0 |
               +--------+--------+--------+--------+--------+-----+--------+

Top non-repeatable levels by time:
     D:1: 106 daAuts
